 Dungeon Crawl Stone Soup version 0.29-a0-330-g52719c12eb (webtiles) character file.

Game seed: 15272493940982997537

303 kae the Firebug (level 5, -4/41 HPs)
             Began as a Demigod Fire Elementalist on May 9, 2022.
             Slain by a yak (12 damage)
             ... on level 3 of the Dungeon.
             The game lasted 00:03:41 (4141 turns).

kae the Firebug (Demigod Fire Elementalist)         Turns: 4141, Time: 00:03:41

Health: -4/41      AC:  2    Str:  7 (9)  XL:     5   Next: 91%
Magic:  12/12      EV: 12    Int: 20 (21) God:
Gold:   242        SH:  0    Dex: 11 (14) Spells: 0/9 levels left

rFire   + . .      SeeInvis .   b - staff of fire
rCold   . . .      Faith    .   (no shield)
rNeg    . . .      Spirit   .   a - +0 robe
rPois   .          Reflect  .   (no helmet)
rElec   .          Harm     .   (no cloak)
rCorr   .          Rampage  .   (no gloves)
Will    .....                   (no boots)
Stlth   ++........              (no amulet)
HPRegen 0.13/turn               (no ring)
MPRegen 0.13/turn               (no ring)

@: no status effects
A: high MP 1, forlorn, divine attributes
a: no special abilities


You were on level 3 of the Dungeon.
You visited 1 branch of the dungeon, and saw 4 of its levels.

You collected 242 gold pieces.

Inventory:

Armour
 a - a +0 robe (worn)
Magical Staves
 b - a staff of fire (weapon)
Wands
 r - a wand of iceblast (4)
Scrolls
 e - a scroll of identify
 g - 2 scrolls of enchant weapon
 i - a scroll of blinking {unknown}
 l - a scroll of noise {unknown}
 n - 3 scrolls of silence {unknown}
 q - a scroll of fear {unknown}
Potions
 c - a potion of magic
 d - 2 potions of mutation
 f - a potion of attraction
 h - 2 potions of flight
 j - 2 potions of brilliance
 k - 3 potions of degeneration
 m - 2 potions of haste {unknown}
 o - 3 potions of heal wounds {unknown}
 p - a potion of might {unknown}


   Skills:
 + Level 2.2 Fighting
 + Level 3.0 Dodging
 - Level 1.7 Stealth
 + Level 2.9 Spellcasting
 + Level 2.5 Conjurations
 + Level 3.7 Fire Magic


You couldn't memorise any spells.
You knew the following spells:

 Your Spells              Type           Power      Damage    Failure   Level
a - Foxfire               Conj/Fire      92%        2x1d8     4%          1
b - Scorch                Fire           52%        2d8       4%          2
c - Conjure Flame         Conj/Fire      23%        6-21      12%         3
d - Inner Flame           Hex/Fire       15%        N/A       21%         3

Your spell library contained the following spells:

 Spells                   Type           Power      Damage    Failure   Level
 Ensorcelled Hibernation  Hex/Ice        4%         N/A       22%         2
 Passwall                 Tmut/Erth      1%         N/A       22%         2
 Flame Wave               Conj/Fire      23%        2d7       36%         4
 Swiftness                Air            2%         N/A       41%         3
 Hailstorm                Conj/Ice       7%         3d4       65%         4
 Ice Form                 Ice/Tmut       2%         N/A       82%         4
 Simulacrum               Ice/Necr       1%         N/A       100%        6


Dungeon Overview and Level Annotations

Branches:
Dungeon (4/15)
 Temple: D:4-7

Shops:
D:2 (


Innate Abilities, Weirdness & Mutations

You have an increased reservoir of magic. (+10% MP)
You shall have no god before yourself.
Your divine heritage dramatically boosts your attributes as you level up.


Message History

You feel a surge of power!
Flames lash the endoplasm.
You kill the endoplasm!
Casting: Scorch (safe; 4% risk of failure)
Confirm with . or Enter, or press ? or * to list all spells.
You can't see any susceptible monsters within range! (Use Z to cast anyway.)
Your magical contamination has completely faded away.
You start resting.
Magic restored.
You start waiting.
Done waiting.
There are monsters nearby!
Okay, then.
Okay, then.
Okay, then.
A yak is nearby!
A yak is nearby!
A yak is nearby!
Casting: Scorch (safe; 4% risk of failure)
Confirm with . or Enter, or press ? or * to list all spells.
You feel a surge of power!
You conjure some foxfire!
The yak bellows!
The foxfire hits the yak.
The yak is lightly wounded.
Okay, then.
Okay, then.
The yak bellows!
The yak attacks as you move away! The yak closely misses you.
The yak attacks as you move away! The yak gores you!
The yak attacks as you move away! The yak gores you!
The yak attacks as you move away! The yak closely misses you.
There is a stone staircase leading up here.
The yak gores you!
* * * LOW HITPOINT WARNING * * *
You climb upwards.
There is a stone staircase leading down here.
It was a potion of degeneration.
There was something very wrong with that liquid.
You feel weakened.
You feel dopey.
You feel clumsy. The yak gores you!
You die...

.........##########
....>....##..>....#
.....<...##.......#
.........##.......#
.........##.......#
.........##.......#
###########.......#
# ####.....Y.#
#........@.#
#.####.##### #.#
#<# #.# #.# ###
#.####.# ..###
#...#..## #...#
###.....#
#...######.....#
###.)...###....#


You could see a yak.

Vanquished Creatures
  Sigmund (D:2)
  A hound (D:4)
  3 gnolls (D:4)
  An adder (D:2)
  A worm (D:3)
  3 dart slugs
  An orc (D:3)
  4 endoplasms
  4 giant cockroaches
  7 goblins
  6 hobgoblins
  4 jackals (D:2)
  3 kobolds
  4 quokkas
  5 ball pythons
  5 bats
  5 frilled lizards
  6 rats
64 creatures vanquished.

Vanquished Creatures (others)
  238 foxfires
238 creatures vanquished.

Grand Total: 302 creatures vanquished

Notes
Turn   | Place    | Note
-------+----------+-------------------------------------------
     0 | D:1      | kae the Demigod Fire Elementalist began the quest for the
                  | Orb.
     0 | D:1      | Reached XP level 1. HP: 14/14 MP: 5/5
    46 | D:1      | Reached skill level 1 in Conjurations
   366 | D:1      | Reached XP level 2. HP: 22/22 MP: 5/7
  1019 | D:2      | Noticed Sigmund
  1342 | D:2      | Learned a level 2 spell: Scorch
  1415 | D:2      | Reached XP level 3. HP: 27/27 MP: 4/8
  1605 | D:2      | Reached skill level 1 in Fighting
  1615 | D:2      | Identified a scroll of acquirement
  1615 | D:2      | Acquired a staff of fire
  1646 | D:2      | Killed Sigmund
  1647 | D:2      | Reached XP level 4. HP: 7/36 MP: 3/10
  1647 | D:2      | Reached XP level 5. HP: 8/41 MP: 3/11
  2485 | D:2      | Found Gamot's Antique Weapon Shop.
  2632 | D:3      | Learned a level 3 spell: Conjure Flame
  2673 | D:3      | Learned a level 3 spell: Inner Flame
  3885 | D:4      | Noticed a yak
  3887 | D:4      | Noticed a yak
  3887 | D:4      | Noticed a yak
  3889 | D:4      | Noticed a yak
  4141 | D:3      | Slain by a yak

Illustrated notes

Levels and vault maps discovered:
D:1:      lightli_arrival_statue_moat, layout_rooms,
          ebering_ecumenical_altar_ruins, lemuel_another_geyser
D:2:      layout_loops_ring, serial_aquarium, aquarium_bridge_square
          [aquarium_subvault_bridge, aquarium_subvault_bridge,
          aquarium_subvault_bridge, aquarium_subvault_bridge],
          aquarium_window_corridor_3, aquarium_window_2, aquarium_window_1,
          aquarium_window_2, aquarium_view_2f, serial_shops, shop,
          minmay_tiny_reverse_x, uniq_sigmund
D:3:      layout_rooms
D:4:      layout_basic, mrwooster_statue_mirror, chequers_decorated_corner,
          corexii_leaking_fountain, uniq_crazy_yiuf_cottage, uniq_natasha

Skill      XL: |  1  2  3  4  5 |
---------------+----------------+-----
Conjurations   | 1 2 |  2.5
Dodging        | 2 3 |  3.0
Spellcasting   | 2 |  2.9
Fire Magic     | 3 |  3.7
Fighting       | 1 2 |  2.2
Stealth        | |  1.7

Action                   |  1- 3 |  4- 6 || total
-------------------------+-------+-------++-------
Melee: Unarmed           |     2 |       ||     2
 Cast: Foxfire           |    61 |    74 ||   135
       Scorch            |     1 |     6 ||     7
  Use: Scroll            |     3 |     5 ||     8
       Potion            |     1 |     1 ||     2
Armor: Robe              |     2 |       ||     2
Dodge: Dodged            |    28 |     7 ||    35

Table legend: (Time is in decaauts)
 A = Elapsed time spent in this place.
 B = Non-inter-level travel time spent in this place.
 C = Inter-level travel time spent in this place.
 D = Time resting spent in this place.
 E = Time spent auto-exploring this place.
 F = Levels seen in this place.
 G = Mean time per level.
                   A        B        C        D        E       F      G
               +--------+--------+--------+--------+--------+-----+--------+
         Total |   4142 |   4047 |     95 |    103 |   3355 |   4 | 1035.5 |
       Dungeon |   4142 |   4047 |     95 |    103 |   3355 |   4 | 1035.5 |
               +--------+--------+--------+--------+--------+-----+--------+

Top non-repeatable levels by time:
     D:1: 1325 daAuts
     D:2: 1286 daAuts
     D:3: 904 daAuts
     D:4: 625 daAuts
